 Dungeon Crawl Stone Soup version 0.01-2115-ge649c80b0b (webtiles) character file.

Game seed: 13678648059207197232, levelgen mode: deterministic

12 Lanoc the Unbeliever (level 2, 0/19 HPs) Lignifite Demonspawn. Began on June 5, 2020. Slain by a cinder newt (3 damage) ... on level 1 of the Dungeon. The game lasted 00:00:49 (126 turns).

Lanoc the Unbeliever (Lignifite Demonspawn)          Turns: 126, Time: 00:00:50

Health: 0/19       AC:  3    Str: 19    XL:     2 ^: 23
Magic:  6/6        EV: 17    Int: 13    God:
Gold:   0          SH:  1    Dex:  7    Spells: 4/5 levels left

rFire    x . .     Vision   .   a - +0 flail
rCold    . . .     Gourm    .   (weapon restricted)
rNeg     . . .     Faith    .   b - +0 robe
rPois    +         Spirit   .   (helmet restricted)
rElec    .         Reflect  .   (no cloak)
rCorr    .         Harm     .   (gloves unavailable)
MR       .....                  (boots unavailable)
Stlth    +.........             (no amulet)
HPRegen  0.16/turn              (no ring)
MPRegen  0.16/turn              (no ring)

@: quick
A: very small, rF-, yellow bark 1, deformed body, speed 1, poison resistance,
slow metabolism 1, torment resistance, plant, rot immunity
a: no special abilities


You were on level 1 of the Dungeon.
You were not hungry.

You visited 1 branch of the dungeon, and saw 1 of its levels.

Inventory:

Weapons
 a - a +0 flail (weapon)
Armour
 b - a +0 robe (worn)
Scrolls
 c - a scroll of enchantment
Comestibles
 d - a ration


   Skills:
 + Level 2.2 Fighting
 * Level 2.6 Whips & Flails
 + Level 2.8 Dodging
 - Level 1.7 Stealth
 - Level 2.1 Spellcasting
   Level 3.0 Invocations


You had 4 spell levels left.
You knew the following spells:

 Your Spells              Type           Power        Failure   Level  Hunger
a - Flame Tongue          Fire           1 (40)       26%         1    ##.....

Your spell library contained the following spells:

 Spells                   Type           Power        Failure   Level  Hunger
 Blink                    Tloc           N/A          36%         2    ###....
 Call Imp                 Summ           1 (100)      36%         2    ###....
 Slow                     Hex            1 (100)      36%         2    ###....
 Conjure Flame            Fire           1 (100)      58%         3    ####...
 Mephitic Cloud           Pois/Air       1 (100)      58%         3    ####...


Dungeon Overview and Level Annotations

Branches:
Dungeon (1/8)

Altars:


Innate Abilities, Weirdness & Mutations

Your woody flesh burns easily. (rF-)
A tangle of shorter branches protects your body from attack. (+1 SH)
You are very small and have problems with some larger weapons.
You are too small for most types of armour.
You are partially covered in yellow bark. (AC +2)
Armour fits poorly on your strangely shaped body.
You cover ground quickly.
Your system is resistant to poisons. (rPois)
You have a slow metabolism.
You are immune to unholy pain and torment.
You require very little carbon dioxide to survive.
You are immune to rotting.


Message History

The cinder newt bites you (0). The cinder newt burns you!
The fire burns you terribly!
You closely miss the cinder newt. x2; The cinder newt bites you (2).
The cinder newt burns you! The fire burns you terribly!
The cinder newt barely misses you (0).
You are too injured to fight recklessly!
You are too injured to fight recklessly!
You miss the cinder newt. You closely miss the cinder newt.
The cinder newt bites you (1). The cinder newt burns you!
The fire burns you terribly!
* * * LOW HITPOINT WARNING * * *
You closely miss the cinder newt. x2; The cinder newt misses you (0).
You hit the cinder newt (4).
The cinder newt is moderately wounded. (7/11) HP You barely miss the cinder newt.
The cinder newt is moderately wounded. (7/11) HP The cinder newt bites you (1).
* * * LOW HITPOINT WARNING * * *
The cinder newt burns you! The fire burns you terribly!
You die...

...#. # #..#.
..#.. ##....####
..#.#
.........##....##
................#
................#
......l.........#
.......@........#
................#
................#
................#
........†.#######
###.......#
##......#
#......#
#......###### ###


You could see a cinder newt.

Vanquished Creatures
  A dart slug (D:1)
  A ball python (D:1)
  A goblin (D:1)
  A hobgoblin (D:1)
  4 bats (D:1)
  2 kobolds (D:1)
10 creatures vanquished.

Notes
Turn   | Place    | Note
-------+----------+-------------------------------------------
     0 | D:1      | Lanoc the Lignifite Demonspawn began the quest for the Orb.
     0 | D:1      | Reached XP level 1. HP: 12/12 MP: 4/4
    61 | D:1      | Gained mutation: You are partially covered in yellow bark.
                  | (AC +2) [demonic ancestry]
    61 | D:1      | Reached XP level 2. HP: 13/19 MP: 0/6
   126 | D:1      | Slain by a cinder newt

Levels and vault maps discovered:
D:1:      sevenhm_arrival_forest_fort_large_4, layout_rooms

Action                   || total
-------------------------++-------
Melee: Flail             ||    36
       Unarmed           ||    28
 Cast: Flame Tongue      ||     5
 Stab: Sleeping          ||     1
Armor: Robe              ||     5
Dodge: Dodged            ||    48
